 Dungeon Crawl Stone Soup version 0.22-a0-388-g09e6169 (webtiles) character file.

235 Mgcat the Insei (level 6, -2/38 HPs)
             Began as an Octopode Transmuter on Apr 29, 2018.
             Slain by VDreamerV's ghost (3 damage)
             ... on level 3 of the Dungeon.
             The game lasted 00:08:25 (2677 turns).

Mgcat the Insei (Octopode Transmuter)               Turns: 2677, Time: 00:08:26

Health: -2/38      AC:  3    Str: 11    XL:     6   Next: 6%
Magic:  6/9        EV: 13    Int: 16    God:
Gold:   72         SH:  3    Dex: 12    Spells: 3/9 levels left

rFire    . . .     SeeInvis .   d - +4 short sword (drain)
rCold    . . .     Gourm    .   (no shield)
rNeg     . . .     Faith    .   (helmet restricted)
rPois    .         Spirit   .   i - +3 amulet of reflection
rElec    .         Reflect  +   (no ring)
rCorr    .         Harm     .   (no ring)
MR       .....                  (no ring)
Stlth    ++........             (no ring)
HPRegen  0.12/turn              (no ring)
MPRegen  0.11/turn              (no ring)
                                (no ring)
                                (no ring)

@: lethally poisoned (-2 -> -27)
A: almost no armour, stealthy swim, amphibious, 8 rings, constrict 8, tentacle
spike 2, icy blue scales 1, camouflage 1, gelatinous body 1
a: no special abilities


You were on level 3 of the Dungeon.
You were not hungry.

You visited 1 branch of the dungeon, and saw 3 of its levels.

You collected 72 gold pieces.

Inventory:

Hand Weapons
 d - a +4 short sword of draining (weapon)
   (You found it on level 1 of the Dungeon)
Missiles
 a - 22 arrows
Jewellery
 i - a +3 amulet of reflection (around mantle)
   (You found it on level 2 of the Dungeon)
Scrolls
 h - a scroll of fog {unknown}
 n - 2 scrolls of amnesia
Potions
 f - a potion of lignification {unknown}
 g - a potion of heal wounds {unknown}
 j - a potion of resistance {unknown}
 m - a potion of invisibility {unknown}
 o - a potion of haste
 p - a potion of curing {unknown}
Comestibles
 b - a chunk of flesh {@w0}
 c - 5 rations


   Skills:
 - Level 1.0 Fighting
 - Level 2.0 Dodging
 + Level 5.0 Unarmed Combat
 - Level 2.0 Spellcasting
 + Level 4.5 Transmutations


You had 3 spell levels left.
You knew the following spells:

 Your Spells              Type           Power        Failure   Level  Hunger
a - Beastly Appendage     Tmut           ###...       3%          1    #......
b - Sticks to Snakes      Tmut           ###.....     4%          2    ###....
c - Spider Form           Tmut/Pois      #.........   24%         3    ###....


Dungeon Overview and Level Annotations

Branches:
Dungeon (3/15)

Altars:
Qazlal

Annotations:
D:3 VDreamerV's ghost, amateur OpTm


Innate Abilities, Weirdness & Mutations

You cannot wear most types of armour.
You are very stealthy in the water. (Stealth+)
You are amphibious.
You can wear up to eight rings at the same time.
You can use your tentacles to constrict eight enemies at once.
Your skin changes colour to match your surroundings (Stealth+).
Your rubbery body absorbs attacks. (AC +1, EV +1)
One of your tentacles bears a nasty spike.
You are partially covered in icy blue scales. (AC +2)


Message History

No target in view!
No target in view!
No target in view!
You feel sick.
You feel sick.
You are no longer poisoned.
Some of the chunks of flesh in your inventory have rotted away.
Your transformation is almost over.
Your tentacle spike disappears.
You see here 12 poisoned needles.
You see here 25 stones.
Eating one of 2 chunks of flesh {@w0}.
You eat one of the 2 chunks of flesh {@w0}.
This raw flesh tastes terrible.
VDreamerV's ghost (amateur Octopode Transmuter) comes into view.
It is wielding a weapon of venom.
VDreamerV's ghost turns its malevolent gaze towards you.
Casting: Beastly Appendage (safe; 3% risk of failure)
Confirm with . or Enter, or press ? or * to list all spells.
One of your tentacles grows a vicious spike.
Casting: Beastly Appendage (safe; 3% risk of failure)
Confirm with . or Enter, or press ? or * to list all spells.
You create a snake!
You now have 23 arrows.
VDreamerV's ghost hits you!
You swap places.
Your transformation is almost over.
Your adder barely misses VDreamerV's ghost.
VDreamerV's ghost hits your adder.
Your adder is poisoned.
Your adder closely misses VDreamerV's ghost.
VDreamerV's ghost closely misses your adder.
Your adder misses VDreamerV's ghost. VDreamerV's ghost hits your adder.
Your adder looks as sick as possible!
Your adder barely misses VDreamerV's ghost.
Your adder dies!
You puncture VDreamerV's ghost!
Your tentacle spike misses VDreamerV's ghost.
VDreamerV's ghost is moderately damaged.
You block VDreamerV's ghost's attack.
You barely miss VDreamerV's ghost.
Your tentacle spike misses VDreamerV's ghost.
Your squeeze misses VDreamerV's ghost.
VDreamerV's ghost is moderately damaged.
VDreamerV's ghost hits you!
You are poisoned.
You hit VDreamerV's ghost but do no damage.
Your tentacle spike misses VDreamerV's ghost.
VDreamerV's ghost is lightly damaged.
You feel sick. VDreamerV's ghost misses you.
Okay, then.
You hit VDreamerV's ghost.
Your tentacle spike misses VDreamerV's ghost.
VDreamerV's ghost is moderately damaged.
You feel sick.
VDreamerV's ghost hits you but does no damage.
You are more poisoned.
Casting: Sticks to Snakes (safe; 4% risk of failure)
Confirm with . or Enter, or press ? or * to list all spells.
You create a snake!
You now have 22 arrows.
You feel sick. VDreamerV's ghost barely misses you.
You feel sick. VDreamerV's ghost hits you.
You are more poisoned.
Your adder barely misses VDreamerV's ghost.
You hit VDreamerV's ghost.
VDreamerV's ghost is moderately damaged.
Your tentacle spike disappears.
You feel sick. VDreamerV's ghost hits you.
Your adder bites VDreamerV's ghost.
VDreamerV's ghost closely misses you.
You closely miss VDreamerV's ghost.
VDreamerV's ghost is heavily damaged.
* * * LOW HITPOINT WARNING * * *
You feel sick.
Your adder bites VDreamerV's ghost.
Your adder closely misses VDreamerV's ghost.
VDreamerV's ghost misses you.
You closely miss VDreamerV's ghost.
VDreamerV's ghost is heavily damaged.
* * * LOW HITPOINT WARNING * * *
You feel sick.
Your adder barely misses VDreamerV's ghost.
VDreamerV's ghost completely misses you.
Okay, then.
As you read the scroll of identify, it crumbles to dust.
o - a potion of haste
* * * LOW HITPOINT WARNING * * *
You feel sick.
Your adder closely misses VDreamerV's ghost.
VDreamerV's ghost hits you.
* * * LOW HITPOINT WARNING * * *
You are more poisoned.
Your adder bites VDreamerV's ghost.
Okay, then.
Unknown command.
Unknown command.
Unknown command.
It was a potion of mutation.
You feel extremely strange.
Icy blue scales grow over part of your body.
One of your lower tentacles grows a sharp spike.
Your tentacle spike grows bigger.
* * * LOW HITPOINT WARNING * * *
You feel sick.
Your adder misses VDreamerV's ghost. VDreamerV's ghost hits you.
You die...

,,* *,,* *,** #.........# #. ,,*
*,,* ♣♣.♣* ###........###. ,,*
**,,* ♣...** #.'............ ,,*
*,,,* *.W.,* ###........##.# ***
*,,,* ##..** #........##.#
*,,.**#...,* ##'########.#
*,,...,...,* #..# #.#
*,,....%#.#########.#######.#
*****,,.....'.SW@................
*,,,*,,.....############.#.......
*,,,*,,.....#.....# #............
*,,,*,,....oo...#.# #.##.........
*,,,***,........#.# #.###........
*,,,* ***,......#.###+###..##....
*,,,****####....#.##.......##....
*,,,+,,,........#.##......).#....
,,,,********,*#.#.##.[....#.#....


You could see VDreamerV's ghost and a friendly adder.

Vanquished Creatures
  Jessica (D:2)
  Terence (D:3)
  Natasha (twice) (D:3)
  6 adders
  2 oozes (D:1)
  2 dart slugs (D:1)
  5 orcs (D:3)
  4 giant cockroaches
  5 goblins
  6 hobgoblins
  7 kobolds
  2 quokkas (D:3)
  14 bats
  6 frilled lizards
  8 rats
71 creatures vanquished.

Notes
Turn   | Place    | Note
-------+----------+-------------------------------------------
     0 | D:1      | Mgcat the Octopode Transmuter began the quest for the Orb.
     0 | D:1      | Reached XP level 1. HP: 13/13 MP: 3/3
   115 | D:1      | HP: 1/13 [dart slug/slug dart (6)]
   430 | D:1      | Reached XP level 2. HP: 16/18 MP: 3/5
   439 | D:1      | Learned a level 2 spell: Sticks to Snakes
   555 | D:1      | Reached XP level 3. HP: 18/23 MP: 4/6
   916 | D:1      | Reached skill level 3 in Transmutations
  1063 | D:2      | Reached XP level 4. HP: 22/28 MP: 7/7
  1068 | D:2      | Learned a level 3 spell: Spider Form
  1080 | D:2      | Reached skill level 4 in Unarmed Combat
  1544 | D:2      | Noticed Jessica
  1553 | D:2      | Killed Jessica
  1553 | D:2      | Reached XP level 5. HP: 33/33 MP: 4/8
  1803 | D:3      | Noticed Terence
  1811 | D:3      | Killed Terence
  1811 | D:3      | Reached skill level 4 in Transmutations
  1828 | D:3      | Noticed Natasha
  1843 | D:3      | Killed Natasha
  2120 | D:3      | Found a stormy altar of Qazlal.
  2548 | D:3      | Noticed Natasha
  2554 | D:3      | Killed Natasha
  2554 | D:3      | Reached skill level 5 in Unarmed Combat
  2554 | D:3      | Reached XP level 6. HP: 36/38 MP: 7/9
  2656 | D:3      | Noticed VDreamerV's ghost (amateur OpTm)
  2675 | D:3      | HP: 9/38 [poisoned by VDreamerV's ghost]
  2676 | D:3      | HP: 2/38 [VDreamerV's ghost (6)]
  2677 | D:3      | Gained mutation: You are partially covered in icy blue scales. (AC +2) [potion of mutation]
  2677 | D:3      | Gained mutation: One of your tentacles bears a spike. [potion of mutation]
  2677 | D:3      | Gained mutation: One of your tentacles bears a nasty spike. [potion of mutation]
  2677 | D:3      | Slain by VDreamerV's ghost

Vault maps used:
D:1:      dpeg_arrival_court
D:2:      st_stairs_13, uniq_jessica
D:3:      grunt_qazlal_sundering, uniq_natasha, uniq_terence,
          uniq_crazy_yiuf_cottage

Skill      XL: |  1  2  3  4  5 |
---------------+----------------+-----
Transmutations | 3 4 |  4.5
Unarmed Combat | 4 5 |  5.0
Fighting       | |  1.0
Dodging        | |  2.0
Spellcasting   | |  2.0

Action                   |  1- 3 |  4- 6 || total
-------------------------+-------+-------++-------
Melee: Short sword       |    55 |    77 ||   132
       Tentacles         |     9 |    10 ||    19
       Constrict         |     8 |    18 ||    26
       Unarmed           |     2 |       ||     2
       Kick              |     7 |    14 ||    21
       Punch             |       |     1 ||     1
 Cast: Beastly Appendage |    14 |    24 ||    38
       Sticks to Snakes  |       |     5 ||     5
  Use: Scroll            |       |     7 ||     7
       Potion            |       |     1 ||     1
 Stab: Sleeping          |     4 |     7 ||    11
  Eat: Chunk             |     1 |     6 ||     7
Armor: Skin              |    10 |     3 ||    13
Dodge: Dodged            |    48 |    53 ||   101
Block: Other             |       |     5 ||     5
       Reflection        |       |     1 ||     1

Table legend:
 A = Spawn XP
 B = Non-spawn XP
 C = Spawn XP percentage of total XP
 D = Spawn monster count
 E = Non-spawn monster count
 F = Spawn count percentage of total count
 G = Total turns spent on level
                    A         B        C        D         E        F      G
               +---------+---------+-------+---------+---------+-------+---------
         Total |       0 |     337 |   0.0 |       0 |      71 |   0.0 |  2677
               +---------+---------+-------+---------+---------+-------+---------
           D:1 |       0 |      62 |   0.0 |       0 |      24 |   0.0 |   944
           D:2 |       0 |     117 |   0.0 |       0 |      29 |   0.0 |  1003
           D:3 |       0 |     158 |   0.0 |       0 |      18 |   0.0 |   730
               +---------+---------+-------+---------+---------+-------+---------

Vault maps used:
D:1:      dpeg_arrival_court
D:2:      st_stairs_13, uniq_jessica
D:3:      grunt_qazlal_sundering, uniq_natasha, uniq_terence,
          uniq_crazy_yiuf_cottage

Table legend:
 A = Turns spent in this place as a percentage of turns spent in the entire game.
 B = Non-inter-level travel turns spent in this place as a percentage of non-inter-level travel turns spent in the entire game.
 C = Inter-level travel turns spent in this place as a percentage of turns spent in this place.
 D = Turns resting spent in this place as a percentage of non-inter-level travel turns spent in this place.
 E = Turns spent auto-exploring this place as a percentage of non-inter-level travel turns spent in this place.
 F = Non-inter-level travel turns spent in this place divided by the number of levels of this place that you've seen.
                   A       B       C       D       E      F
               +-------+-------+-------+-------+-------+----------------------
         Total | 100.0 | 100.0 |   3.8 |   2.8 |  75.7 | 858.0
       Dungeon | 100.0 | 100.0 |   3.8 |   2.8 |  75.7 | 858.0
               +-------+-------+-------+-------+-------+----------------------

Table legend:
 A = Kills in this place as a percentage of kills in entire the game.
 B = Kills by you in this place as a percentage of kills by you in the entire game.
 C = Kills by friends in this place as a percentage of kills by friends in the entire game.
 D = Other kills in this place as a percentage of other kills in the entire game.
 E = Experience gained in this place as a percentage of experience gained in the entire game.
 F = Experience gained in this place divided by the number of levels of this place that you have seen.
                   A       B       C       D       E      F
               +-------+-------+-------+-------+-------+----------------------
         Total | 100.0 | 100.0 |   N/A |   N/A | 100.0 | 112.3
       Dungeon | 100.0 | 100.0 |   N/A |   N/A | 100.0 | 112.3
               +-------+-------+-------+-------+-------+----------------------
